 Dungeon Sprint DCSS version 0.18-a0-1120-g03bd624 (webtiles) character file.

97121023 Enroth the Axe Maniac (level 23, 221/221 (240) HPs)
             Began as a Minotaur Fighter on Jan 17, 2016.
             Was a High Priest of Trog.
             Escaped with the Orb
             ... and 17 runes on Jan 18, 2016!
             The game lasted 02:54:47 (18829 turns).

Enroth the Axe Maniac (Minotaur Fighter)           Turns: 18829, Time: 02:54:47

HP:   221/221 (240) AC: 38    Str: 37    XL:     23   Next: 7%
MP:   39/39         EV: 31    Int:  6    God:    Trog [*****.]
Gold: 1840          SH: 36    Dex: 18    Spells: 0 memorised, 59 levels left

rFire  + + .     SeeInvis .     w - +2 broad axe of Distraction {chop, MR+ Str+6 Dex+4}
rCold  . . .     Gourm    .     B - +5 plate armour {rF+}
rNeg   + + +     Faith    .     o - +6 large shield of Ignorance {rN+ AC+2 EV+2 Int-6 *Curse}
rPois  +         Spirit   +     C - +0 hat
rElec  .         Dismiss  .     l - +2 cloak {rPois}
rCorr  .         Reflect  .     u - +1 pair of gloves
SustAt .         Harm     .     p - +0 pair of boots
MR     ++...     NoTele   +     d - amulet of guardian spirit
Stlth  ++........               E - ring of Taychew {rC+ Dex+4}
                                h - ring "Donkesse" {rF+ rC- rN++ Int+7}

@: very resistant to hostile enchantments, unstealthy
A: retaliatory headbutt, horns 2, low mp 1
a: Berserk, Trog's Hand, Brothers in Arms, Burn Spellbooks, Renounce Religion
0: Orb of Zot
}: 17/15 runes: decaying, serpentine, barnacled, slimy, elven, silver, golden,
iron, obsidian, icy, bone, abyssal, glowing, magical, fiery, dark, gossamer


You escaped.
You worshipped Trog.
Trog was extremely pleased with you.
You were not hungry.

You visited 1 branch You collected 1930 gold pieces.
You spent 90 gold pieces at shops.

Inventory:

Hand Weapons
 a - a +9 scimitar of flaming
 q - a +1 long sword of holy wrath
 w - the +2 broad axe of Distraction (weapon) {chop, MR+ Str+6 Dex+4}
   (Trog gifted it to you in the Dungeon)

   It inflicts extra damage upon your enemies.
   It affects your strength (+6).
   It affects your dexterity (+4).
   It affects your resistance to hostile enchantments.
Missiles
 c - 32 javelins of penetration
 y - 2 tomahawks of returning
 G - 7 javelins of returning
 I - 34 poisoned javelins
 J - 8 silver tomahawks (quivered)
 L - 12 silver javelins
 M - 3 exploding tomahawks
Armour
 l - a +2 cloak of poison resistance (worn)
 o - the +6 large shield of Ignorance (worn) {rN+ AC+2 EV+2 Int-6 *Curse}
   (You found it in the Dungeon)

   It affects your AC (+2).
   It affects your evasion (+2).
   It affects your intelligence (-6).
   It protects you from negative energy.
   It may re-curse itself when equipped.
 p - a +0 pair of boots (worn)
 u - a +1 pair of gloves (worn)
 z - a +6 scale mail of positive energy
 B - a +5 plate armour of fire resistance (worn)
 C - a +0 hat (worn)
Jewellery
 d - an amulet of guardian spirit (around neck)
 h - the ring "Donkesse" (left hand) {rF+ rC- rN++ Int+7}
   (You found it in the Dungeon)

   [ring of protection from fire]

   It affects your intelligence (+7).
   It protects you from fire.
   It makes you vulnerable to cold.
   It greatly protects you from negative energy.
 E - the ring of Taychew (right hand) {rC+ Dex+4}
   (You took it off an ironbrand convoker in the Dungeon)

   [ring of protection from cold]

   It affects your dexterity (+4).
   It protects you from cold.
Wands
 n - a wand of draining (2/15)
 H - a wand of hasting (2/9)
Scrolls
 b - a scroll of identify
 k - 2 scrolls of blinking
 m - 5 scrolls of remove curse
 v - 4 scrolls of fear
 A - 2 scrolls of fog
Potions
 e - 9 potions of curing
 g - 4 potions of heal wounds
 i - 4 potions of magic
 j - a potion of ambrosia
 r - a potion of cure mutation
 s - 2 potions of brilliance
 t - a potion of berserk rage
 D - a potion of flight
 F - a potion of might
Miscellaneous
 K - the horn of Geryon
Comestibles
 f - 3 bread rations
 x - 11 meat rations


   Skills:
 O Level 27 Fighting
 O Level 27 Long Blades
 O Level 27 Axes
 O Level 27 Throwing
 O Level 27 Armour
 O Level 27 Dodging
 O Level 27 Stealth
 O Level 27 Shields
 O Level 27 Unarmed Combat
 - Level 18.5 Spellcasting
 O Level 27 Evocations


You had 59 spell levels left.
You didn't know any spells.

Dungeon Overview and Level Annotations

Branches:
Dungeon (1/1)

Altars:
Cheibriados
Dithmenos
Elyvilon
Fedhas
Gozag
Kikubaaqudgha
Makhleb
Nemelex Xobeh
Okawaru
Pakellas
Qazlal
Ru
Sif Muna
Trog
Vehumet
Xom
Yredelemnul
Zin
The Shining One
Beogh
Jiyva
Lugonu

Shops:
D ::*?


Innate Abilities, Weirdness & Mutations

You reflexively headbutt those who attack you in melee.
You have a pair of horns on your head.
Your magical capacity is low (-10% MP).


Message History

There is a roughly hewn altar of Beogh here.
There is a white marble altar of Elyvilon here.
There is a sparkling altar of Nemelex Xobeh here.
There is a bloodstained altar of Trog here.
There is a deep blue altar of Sif Muna here.
There is a burning altar of Makhleb here.
There is an iron altar of Okawaru here.
There is a radiant altar of Vehumet here.
There is a shimmering altar of Xom here.
There is a basalt altar of Yredelemnul here.
There is an ancient bone altar of Kikubaaqudgha here.
There is a glowing golden altar of the Shining One here.
There is a glowing silver altar of Zin here.
There is an open door to the Temple here.
Things that are here:
a leather armour; a flail
There is an open door here.
There is an open door to the Dungeon here.
There is a staircase leading out of the dungeon here.
You have escaped!

.▓.▓.▓.▓.▓.▓.▓.▓.▓
.▓.▓.▓.▓.▓.▓'▓.▓.▓
.▓.▓.▓.▓.▓.▓.▓.▓.▓
.▓.▓.▓.▓.▓.▓.▓.▓.▓
.▓.▓.▓.▓.▓.▓.▓.▓'▓
.▓.▓.▓.▓.▓.▓.▓.▓.▓
.▓.▓.▓.▓.▓.▓.▓.▓.▓
.▓.▓.▓.▓.▓.▓.▓.▓.▓
...▓...▓...▓...▓@▓
▓▓▓▓▓▓▓▓▓▓▓▓▓▓▓▓▓▓


There were no monsters in sight!

Vanquished Creatures
  Cerebov (D)
  Antaeus (D)
  Asmodeus (D)
  the Royal Jelly (D)
  Ereshkigal (D)
  Gloorx Vloq (D)
  Mnoleg (D)
  Lom Lobon (D)
  2 ancient liches (D)
  4 orbs of fire (D)
  Dispater (D)
  Mennas (D)
  4 greater mummies (D)
  Boris (D)
  Margery (D)
  Frederick (D)
  A curse toe (D)
  Saint Roka (D)
  Geryon (D)
  3 golden dragons (D)
  Nikola (D)
  Jory (D)
  5 pandemonium lords (D)
  Xtahua (D)
  A bone dragon (D)
  3 Brimstone Fiends (D)
  4 electric golems (D)
  2 Hell Sentinels (D)
  Rupert (D)
  5 liches (D)
  A hellephant (D)
  3 tentacled monstrosities (D)
  2 Shadow Fiends (D)
  35 Orb Guardians (D)
  4 deep elf blademasters (D)
  A titan (D)
  A quicksilver dragon (D)
  4 deep elf master archers (D)
  6 acid blobs (D)
  4 death cobs (D)
  2 Executioners (D)
  12 sphinxes (D)
  9 shadow dragons (D)
  2 storm dragons (D)
  A draconian monk (D)
  7 greater nagas (D)
  A thorn hunter (D)
  An azure jelly (D)
  Ilsuiw (D)
  Donald (D)
  A frost giant (D)
  Aizul (D)
  A fire giant (D)
  4 ghost moths (D)
  3 draconian shifters (D)
  A cacodemon (D)
  2 draconian knights (D)
  2 emperor scorpions (D)
  3 vault wardens (D)
  2 deep elf sorcerers (D)
  A draconian zealot (D)
  A warmonger (D)
  A very ugly thing (D)
  3 reapers (D)
  An ironheart preserver (D)
  8 vampire knights (D)
  2 stone giants (D)
  2 green draconians (D)
  A deep elf demonologist (D)
  A purple draconian (D)
  2 white draconians (D)
  2 yellow draconians (D)
  Azrael (D)
  A lorocyproca (D)
  3 red draconians (D)
  A corrupter (D)
  A chaos champion (D)
  A mottled draconian (D)
  A deep elf annihilator (D)
  Snorg (D)
  A green death (D)
  A deep elf death mage (D)
  4 merfolk javelineers (D)
  2 death oozes (D)
  25 vault guards (D)
  A great orb of eyes (D)
  3 merfolk impalers (D)
  An ettin (D)
  7 mummy priests (D)
  4 ogre magi (D)
  6 fire dragons (D)
  A deep elf high priest (D)
  2 naga warriors (D)
  9 hydras (D)
  5 ice dragons (D)
  2 centaur warriors (D)
  A monstrous demonspawn (D)
  A hell beast (D)
  An alligator (D)
  An anaconda (D)
  A ghost crab (D)
  4 merfolk aquamancers (D)
  A merfolk avatar (D)
  A deep troll shaman (D)
  A queen ant (shapeshifter) (D)
  An orc high priest (D)
  2 naga sharpshooters (D)
  A sun demon (D)
  5 hell knights (D)
  3 soul eaters (D)
  A shadow wraith (D)
  An infernal demonspawn (D)
  2 torturous demonspawn (D)
  An unseen horror (D)
  3 shadow demons (D)
  2 flayed ghosts (D)
  2 starcursed masses (D)
  An orc knight (D)
  5 ironbrand convokers (D)
  A harpy (shapeshifter) (D)
  4 swamp dragons (D)
  An orb spider (D)
  An orc sorcerer (D)
  2 deep elf magi (D)
  A griffon (D)
  3 wolf spiders (D)
  A hornet (shapeshifter) (D)
  A manticore (D)
  5 ugly things (D)
  3 rust devils (D)
  14 moths of wrath (D)
  Maurice (D)
  A black mamba (D)
  A guardian serpent (D)
  An elephant (D)
  A toenail golem (D)
  8 sixfirhies (D)
  2 naga magi (D)
  5 smoke demons (D)
  A vault sentinel (D)
  6 orange demons (D)
  Joseph (D)
  A spiny frog (D)
  A yaktaur (D)
  4 hellwings (D)
  2 efreet (D)
  4 red devils (D)
  2 tormentors (D)
  2 komodo dragons (D)
  A wandering mushroom (D)
  2 demonic crawlers (D)
  2 ice devils (D)
  A tengu conjurer (D)
  A freezing wraith (D)
  16 guardian mummies (D)
  A troll (shapeshifter) (D)
  2 trolls (D)
  A jumping spider (D)
  5 two-headed ogres (D)
  A raiju (D)
  4 giant leeches (D)
  2 tarantellas (D)
  11 spriggans (D)
  A wraith (D)
  A redback (D)
  3 fire elementals (D)
  2 large abominations (D)
  4 neqoxecs (D)
  4 chaos spawn (D)
  4 small abominations (D)
  2 nagas (D)
  A water moccasin (D)
  2 hell hounds (D)
  A swamp drake (D)
  12 orc warriors (D)
  A sky beast (D)
  An ice beast (D)
  A boggart (D)
  5 ogres (D)
  A wight (D)
  A killer bee (D)
  3 jellies (D)
  3 crimson imps (D)
  2 quasits (D)
  7 orc priests (D)
  2 iron imps (D)
  A worker ant (D)
  An iguana (D)
  3 orc wizards (D)
  A sheep (D)
  An adder (D)
  4 shadow imps (D)
  3 white imps (D)
  2 ufetubi (D)
  4 worms (D)
  2 adder simulacra (D)
  4 ball lightnings (D)
  10 orcs (D)
  A giant cockroach (D)
  A jackal (D)
  A quokka (D)
  A goblin (D)
  2 rats (D)
  3 crawling corpses (D)
  A lurking horror (D)
563 creatures vanquished.

Vanquished Creatures (collateral kills)
  A tentacled monstrosity (D)
  7 acid blobs (D)
  A storm dragon (D)
  3 azure jellies (D)
  A shadow dragon (D)
  2 fire giants (D)
  A vault warden (D)
  An ironheart preserver (D)
  A very ugly thing (D)
  A stone giant (D)
  3 death oozes (D)
  4 fire dragons (D)
  2 yaktaur captains (D)
  2 great orbs of eyes (D)
  An ice dragon (D)
  A hydra (D)
  A naga warrior (D)
  A spriggan air mage (D)
  An ogre mage (D)
  A centaur warrior (D)
  An alligator (D)
  A spriggan berserker (D)
  A deep elf knight (D)
  A wizard (D)
  2 sea snakes (D)
  A flayed ghost (D)
  A naga ritualist (D)
  A harpy (D)
  A cyclops (D)
  2 manticores (D)
  2 griffons (D)
  2 water nymphs (D)
  A moth of wrath (D)
  A vault sentinel (D)
  2 black mambas (D)
  A naga mage (D)
  A spiny frog (D)
  A komodo dragon (D)
  A freezing wraith (D)
  A guardian mummy (D)
  A jumping spider (D)
  A slime creature (D)
  A tarantella (D)
  A redback (D)
  A hog (shapeshifter) (D)
  A basilisk (D)
  2 wolves (D)
  2 water moccasins (D)
  A giant frog (D)
  An iguana (D)
  2 giant eyeballs (D)
  A worm (D)
  A briar patch (D)
77 creatures vanquished.

Vanquished Creatures (others)
  A draconian scorcher (D)
  A spriggan druid (D)
  A slime creature (D)
  2 insubstantial wisps (D)
  A mottled dragon (D)
  A hell hound (D)
  A briar patch (D)
8 creatures vanquished.

Grand Total: 648 creatures vanquished

Notes
Turn   | Place    | Note
--------------------------------------------------------------
     0 | D        | Enroth the Minotaur Fighter began the quest for the Orb.
     0 | D        | Reached XP level 1. HP: 19/19 MP: 0/0
     7 | D        | Reached skill level 4 in Armour
    33 | D        | Noticed a crimson imp
    33 | D        | Noticed a jelly
    38 | D        | Reached XP level 2. HP: 17/28 MP: 1/1
    40 | D        | Reached skill level 5 in Fighting
    40 | D        | Reached skill level 5 in Armour
    40 | D        | Reached skill level 5 in Shields
    40 | D        | Reached XP level 3. HP: 14/36 MP: 2/2
    51 | D        | Reached skill level 6 in Fighting
    51 | D        | Reached XP level 4. HP: 36/44 MP: 3/3
   120 | D        | Found a glowing silver altar of Zin.
   120 | D        | Found a glowing golden altar of the Shining One.
   120 | D        | Found an ancient bone altar of Kikubaaqudgha.
   120 | D        | Found a basalt altar of Yredelemnul.
   120 | D        | Found a shimmering altar of Xom.
   120 | D        | Found a radiant altar of Vehumet.
   121 | D        | Found an iron altar of Okawaru.
   122 | D        | Found a burning altar of Makhleb.
   123 | D        | Found a deep blue altar of Sif Muna.
   124 | D        | Found a bloodstained altar of Trog.
   125 | D        | Found a sparkling altar of Nemelex Xobeh.
   126 | D        | Found a white marble altar of Elyvilon.
   127 | D        | Found a roughly hewn altar of Beogh.
   128 | D        | Found a viscous altar of Jiyva.
   129 | D        | Found a corrupted altar of Lugonu.
   130 | D        | Found a blossoming altar of Fedhas.
   131 | D        | Found a snail-covered altar of Cheibriados.
   132 | D        | Found a shadowy altar of Dithmenos.
   133 | D        | Found a stormy altar of Qazlal.
   134 | D        | Found an opulent altar of Gozag.
   135 | D        | Found a sacrificial altar of Ru.
   136 | D        | Found an oddly glowing altar of Pakellas.
   146 | D        | Became a worshipper of Trog the Wrathful
   204 | D        | Noticed a sky beast
   207 | D        | Reached skill level 5 in Axes
   207 | D        | Reached skill level 7 in Armour
   207 | D        | Reached skill level 1 in Dodging
   207 | D        | Reached * piety under Trog
   207 | D        | Reached XP level 5. HP: 49/52 MP: 4/4
   208 | D        | Reached ** piety under Trog
   216 | D        | Killed a sky beast
   216 | D        | Reached skill level 8 in Fighting
   216 | D        | Reached XP level 6. HP: 46/61 MP: 5/5
   290 | D        | Noticed an efreet
   290 | D        | Noticed a centaur warrior
   290 | D        | Noticed a deep elf mage
   290 | D        | Noticed a tengu conjurer
   291 | D        | Reached skill level 9 in Shields
   294 | D        | Killed a deep elf mage
   294 | D        | Reached *** piety under Trog
   294 | D        | Reached skill level 10 in Fighting
   294 | D        | Reached skill level 10 in Armour
   294 | D        | Reached skill level 10 in Shields
   294 | D        | Reached skill level 1 in Evocations
   294 | D        | Reached XP level 7. HP: 66/72 MP: 5/7
   298 | D        | Killed a tengu conjurer
   298 | D        | Reached skill level 11 in Shields
   307 | D        | Killed a centaur warrior
   307 | D        | Reached **** piety under Trog
   307 | D        | Reached skill level 10 in Axes
   307 | D        | Reached skill level 5 in Dodging
   307 | D        | Reached skill level 12 in Shields
   307 | D        | Reached XP level 8. HP: 59/82 MP: 6/9
   314 | D        | Killed an efreet
   524 | D        | Noticed Joseph
   531 | D        | Killed Joseph
   531 | D        | Reached XP level 9. HP: 76/90 MP: 10/10
   598 | D        | Noticed a spiny frog
   598 | D        | Noticed a komodo dragon
   598 | D        | Noticed a komodo dragon
   603 | D        | Reached skill level 13 in Shields
   612 | D        | Killed a komodo dragon
   616 | D        | Killed a komodo dragon
   616 | D        | Reached ***** piety under Trog
   618 | D        | Killed a spiny frog
   624 | D        | Noticed an elephant
   638 | D        | Killed an elephant
   670 | D        | Noticed a black mamba
   670 | D        | Noticed a komodo dragon
   685 | D        | Noticed a griffon
   686 | D        | Reached skill level 14 in Shields
   688 | D        | Killed a komodo dragon
   688 | D        | Received a gift from Trog
   690 | D        | Killed a black mamba
   690 | D        | Reached XP level 10. HP: 101/101 MP: 11/11
   691 | D        | Killed a griffon
   704 | D        | Noticed a spiny frog
   708 | D        | Killed a spiny frog
   738 | D        | Reached ****** piety under Trog
   738 | D        | Received a gift from Trog
   758 | D        | Got an encrusted broad axe {god gift}
   759 | D        | Identified the +2 broad axe of Distraction {chop, MR+ Str+6 Dex+4} (Trog gifted it to you in the Dungeon)
   896 | D        | Received a gift from Trog
   908 | D        | Noticed an orc high priest
   908 | D        | Received a gift from Trog
   925 | D        | Noticed a soul eater
   925 | D        | Killed an orc high priest
  1012 | D        | Noticed an orc sorcerer
  1014 | D        | Killed an orc sorcerer
  1017 | D        | Received a gift from Trog
  1027 | D        | Reached skill level 15 in Axes
  1028 | D        | Reached skill level 15 in Shields
  1037 | D        | Received a gift from Trog
  1127 | D        | Found Lynecw's Magic Scroll Boutique.
  1127 | D        | Noticed an ogre mage
  1127 | D        | Noticed an ogre mage
  1131 | D        | Killed an ogre mage
  1138 | D        | Killed an ogre mage
  1138 | D        | Reached skill level 16 in Axes
  1138 | D        | Reached XP level 11. HP: 111/111 MP: 13/13
  1140 | D        | Received a gift from Trog
  1142 | D        | Found Xyklat's Assorted Antiques.
  1145 | D        | Found Cuaprik's Book Boutique.
  1150 | D        | Found Fuplu's Book Shop.
  1153 | D        | Received a gift from Trog
  1153 | D        | Reached skill level 17 in Axes
  1156 | D        | Noticed an ogre mage
  1167 | D        | Killed an ogre mage
  1167 | D        | Received a gift from Trog
  1167 | D        | Reached skill level 15 in Fighting
  1208 | D        | Bought a scroll of enchant armour for 90 gold pieces
  1257 | D        | Noticed Maurice
  1271 | D        | Killed Maurice
  1271 | D        | Reached skill level 18 in Axes
  1472 | D        | Got the +5 shield of Perpetual Drought {rElec}
  1600 | D        | Noticed a centaur warrior
  1600 | D        | Noticed a brown ugly thing
  1606 | D        | Killed a brown ugly thing
  1612 | D        | Noticed a seven-headed hydra
  1613 | D        | Noticed a purple ugly thing
  1615 | D        | Killed a centaur warrior
  1620 | D        | Noticed a red ugly thing
  1621 | D        | Received a gift from Trog
  1622 | D        | Killed a red ugly thing
  1622 | D        | Reached skill level 19 in Axes
  1623 | D        | Killed a seven-headed hydra
  1623 | D        | Reached skill level 5 in Evocations
  1624 | D        | Noticed a deep troll shaman
  1627 | D        | Noticed an ettin
  1627 | D        | Killed a red ugly thing
  1628 | D        | Noticed an ogre mage
  1632 | D        | Killed a deep troll shaman
  1637 | D        | Killed an ettin
  1637 | D        | Received a gift from Trog
  1637 | D        | Reached skill level 20 in Axes
  1642 | D        | Noticed a harpy
  1643 | D        | Killed an ogre mage
  1643 | D        | Reached skill level 10 in Dodging
  1643 | D        | Reached XP level 12. HP: 112/122 MP: 14/14
  1649 | D        | Got a faintly glowing broad axe {god gift}
  1653 | D        | Identified the +7 broad axe "Hughausoot" {venom, +Inv rElec} (Trog gifted it to you in the Dungeon)
  1665 | D        | Noticed a frost giant
  1671 | D        | Killed a frost giant
  1693 | D        | Noticed Rupert
  1700 | D        | Paralysed by Rupert for 5 turns
  1711 | D        | Killed Rupert
  1711 | D        | Received a gift from Trog
  1711 | D        | Reached skill level 21 in Axes
  1717 | D        | Noticed Snorg
  1724 | D        | Killed Snorg
  1808 | D        | Noticed Aizul
  1822 | D        | Killed Aizul
  1822 | D        | Received a gift from Trog
  1847 | D        | Noticed Azrael
  1869 | D        | Killed Azrael
  1869 | D        | Reached skill level 22 in Axes
  2183 | D        | Noticed an anaconda
  2192 | D        | Received a gift from Trog
  2202 | D        | Killed an anaconda
  2207 | D        | Noticed a naga warrior
  2222 | D        | Received a gift from Trog
  2228 | D        | Killed a naga warrior
  2521 | D        | Received a gift from Trog
  2521 | D        | Reached XP level 13. HP: 134/134 MP: 16/16
  2527 | D        | Received a gift from Trog
  2558 | D        | Noticed a thorn hunter
  2576 | D        | Received a gift from Trog
  2589 | D        | Killed a thorn hunter
  2711 | D        | Killed a ghost moth
  2711 | D        | Reached skill level 23 in Axes
  2721 | D        | Received a gift from Trog
  2733 | D        | Received a gift from Trog
  2736 | D        | Killed a ghost moth
  3502 | D        | Noticed Saint Roka
  3525 | D        | Killed Saint Roka
  3525 | D        | Received a gift from Trog
  3535 | D        | Got a crystal hand axe {god gift}
  3539 | D        | Identified the +7 hand axe of Xusozuak {elec, *Corrode rF+ Dex+2} (Trog gifted it to you in the Dungeon)
  3765 | D        | Noticed a fire dragon
  3765 | D        | Noticed a stone giant
  3765 | D        | Noticed a fire dragon
  3765 | D        | Noticed a fire dragon
  3771 | D        | Killed a fire dragon
  3775 | D        | Killed a fire dragon
  3783 | D        | Killed a stone giant
  3786 | D        | Reached skill level 24 in Axes
  3787 | D        | Noticed a stone giant
  3788 | D        | Killed a fire dragon
  3801 | D        | Killed a stone giant
  3802 | D        | Noticed a brown very ugly thing
  3803 | D        | Noticed a fire giant
  3814 | D        | Killed a brown very ugly thing
  3814 | D        | Received a gift from Trog
  3819 | D        | Killed a fire giant
  3820 | D        | Noticed a white very ugly thing
  3823 | D        | Noticed a fire dragon
  3825 | D        | Noticed a fire giant
  3828 | D        | Killed a white very ugly thing
  3834 | D        | Received a gift from Trog
  3837 | D        | Killed a fire dragon
  3837 | D        | Received a gift from Trog
  3838 | D        | Killed a fire giant
  3838 | D        | Reached skill level 15 in Armour
  3838 | D        | Reached XP level 14. HP: 50/147 MP: 9/17
  3873 | D        | Received a gift from Trog
  4126 | D        | Noticed a vault warden
  4134 | D        | Reached skill level 25 in Axes
  4140 | D        | Killed a vault warden
  4144 | D        | Noticed a vault warden
  4146 | D        | Received a gift from Trog
  4164 | D        | Killed a vault warden
  4172 | D        | Noticed a storm dragon
  4174 | D        | Noticed an ironheart preserver
  4204 | D        | Killed a storm dragon
  4207 | D        | Killed an ironheart preserver
  4207 | D        | Received a gift from Trog
  4213 | D        | Received a gift from Trog
  4546 | D        | Noticed Margery
  4566 | D        | Received a gift from Trog
  4571 | D        | Killed Margery
  4571 | D        | Reached skill level 26 in Axes
  4920 | D        | Noticed Nikola
  4944 | D        | Killed Nikola
  5103 | D        | Noticed Mennas
  5129 | D        | Killed Mennas
  5129 | D        | Received a gift from Trog
  5129 | D        | Reached skill level 27 in Axes
  5129 | D        | Reached skill level 15 in Dodging
  5365 | D        | Noticed Frederick
  5380 | D        | Killed Frederick
  5380 | D        | Reached XP level 15. HP: 138/160 MP: 16/18
  5413 | D        | Noticed Ilsuiw
  5429 | D        | Received a gift from Trog
  5455 | D        | Killed Ilsuiw
  5462 | D        | Received a gift from Trog
  5491 | D        | Received a gift from Trog
  5502 | D        | Got a barnacled rune of Zot
  5596 | D        | Upgraded the game from 0.18-a0-1116-g1750dec to 0.18-a0-1120-g03bd624
  5596 | D        | Noticed a greater naga
  5596 | D        | Noticed a greater naga
  5596 | D        | Noticed a greater naga
  5598 | D        | Noticed a greater naga
  5603 | D        | Killed a greater naga
  5604 | D        | Noticed a greater naga
  5611 | D        | Killed a greater naga
  5619 | D        | Killed a greater naga
  5619 | D        | Received a gift from Trog
  5620 | D        | Noticed a greater naga
  5630 | D        | Killed a greater naga
  5630 | D        | Received a gift from Trog
  5634 | D        | Noticed a greater naga
  5644 | D        | Killed a greater naga
  5653 | D        | Received a gift from Trog
  5659 | D        | Killed a greater naga
  5662 | D        | Killed a greater naga
  5665 | D        | Received a gift from Trog
  5669 | D        | Got a serpentine rune of Zot
  5881 | D        | Received a gift from Trog
  5894 | D        | Received a gift from Trog
  5925 | D        | Got a decaying rune of Zot
  5936 | D        | Received a gift from Trog
  5955 | D        | Killed a ghost moth
  5968 | D        | Reached skill level 27 in Shields
  5977 | D        | Received a gift from Trog
  6030 | D        | Reached XP level 16. HP: 180/180 MP: 10/20
  6035 | D        | Got a gossamer rune of Zot
  6187 | D        | Received a gift from Trog
  6209 | D        | Received a gift from Trog
  6216 | D        | Received a gift from Trog
  6237 | D        | Reached skill level 27 in Fighting
  6243 | D        | Received a gift from Trog
  6248 | D        | Reached skill level 10 in Evocations
  6259 | D        | Got a smoking spear {god gift}
  6269 | D        | Identified the +8 spear "Wifo" {freeze, rPois MR+} (Trog gifted it to you in the Dungeon)
  6303 | D        | Received a gift from Trog
  6333 | D        | Noticed a lich
  6336 | D        | Received a gift from Trog
  6347 | D        | Noticed a Brimstone Fiend
  6359 | D        | Noticed a tentacled monstrosity
  6363 | D        | Killed a lich
  6366 | D        | Noticed a shadow dragon
  6374 | D        | Killed a tentacled monstrosity
  6374 | D        | Received a gift from Trog
  6504 | D        | Killed a shadow dragon
  6507 | D        | Received a gift from Trog
  6596 | D        | Noticed a sphinx
  6596 | D        | Noticed an Orb Guardian
  6596 | D        | Noticed a shadow dragon
  6601 | D        | Killed a sphinx
  6608 | D        | Killed an Orb Guardian
  6612 | D        | Killed a shadow dragon
  6617 | D        | Noticed a deep elf blademaster
  6620 | D        | Noticed an Orb Guardian
  6627 | D        | Killed a deep elf blademaster
  6631 | D        | Killed an Orb Guardian
  6631 | D        | Received a gift from Trog
  6891 | D        | Got a shimmering war axe {god gift}
  6903 | D        | Identified the +4 war axe of the Many Dances {venom, *Rage rElec MR++ Int+7} (Trog gifted it to you in the Dungeon)
  6937 | D        | Noticed a shadow dragon
  6937 | D        | Noticed a shadow dragon
  6937 | D        | Noticed a titan
  6937 | D        | Noticed a shadow dragon
  6941 | D        | Noticed a shadow dragon
  6942 | D        | Received a gift from Trog
  6948 | D        | Killed a shadow dragon
  6949 | D        | Noticed a quicksilver dragon
  6957 | D        | Killed a titan
  6957 | D        | Reached XP level 17. HP: 190/190 MP: 23/27
  6966 | D        | Reached skill level 15 in Evocations
  6986 | D        | Received a gift from Trog
  6993 | D        | Killed a quicksilver dragon
  7020 | D        | Got a silver rune of Zot
  7027 | D        | Got an ancient jade ring
  7038 | D        | Identified the ring of Taychew {rC+ Dex+4} (You took it off an ironbrand convoker in the Dungeon)
  7207 | D        | Noticed Xtahua
  7212 | D        | Noticed Donald
  7221 | D        | Killed Xtahua
  7232 | D        | Killed Donald
  7232 | D        | Reached skill level 27 in Armour
  7297 | D        | Got the ring "Donkesse" {rF+ rC- rN++ Int+7}
  7299 | D        | Got the ring "Dell" {rF++ MP+9 Str-4 Int+3 SInv}
  7301 | D        | Got the ring of Pobabije {rF+ Int+6 Slay+3}
  7305 | D        | Got the ring of Xam Epud {Fire rPois}
  7423 | D        | Noticed Jory
  7445 | D        | Killed Jory
  7450 | D        | Noticed Boris
  7472 | D        | Killed Boris
  7472 | D        | Received a gift from Trog
  7475 | D        | Got a translucent hand axe {god gift}
  7476 | D        | Identified the +3 hand axe of Untruth {speed, rF++ rC+ Dex+4} (Trog gifted it to you in the Dungeon)
  7546 | D        | Received a gift from Trog
  7548 | D        | Reached skill level 1 in Long Blades
  7558 | D        | Noticed a bone dragon
  7558 | D        | Noticed a golden dragon
  7573 | D        | Killed a golden dragon
  7589 | D        | Killed a bone dragon
  7595 | D        | Received a gift from Trog
  7613 | D        | Reached skill level 5 in Long Blades
  7666 | D        | Received a gift from Trog
  7800 | D        | Noticed a tentacled monstrosity
  7817 | D        | Killed a tentacled monstrosity
  7883 | D        | Noticed an electric golem
  7893 | D        | Killed an electric golem
  7893 | D        | Reached XP level 18. HP: 174/199 MP: 26/31
  7922 | D        | Received a gift from Trog
  8019 | D        | Noticed a tentacled monstrosity
  8019 | D        | Noticed a golden dragon
  8019 | D        | Noticed a golden dragon
  8027 | D        | Killed a golden dragon
  8033 | D        | Killed a golden dragon
  8037 | D        | Killed a tentacled monstrosity
  8054 | D        | Received a gift from Trog
  8054 | D        | Reached skill level 10 in Long Blades
  8054 | D        | Reached skill level 27 in Dodging
 10516 | D        | Noticed an Orb Guardian
 10516 | D        | Noticed an Orb Guardian
 10516 | D        | Noticed an Orb Guardian
 10516 | D        | Noticed an Orb Guardian
 10516 | D        | Noticed an Orb Guardian
 10523 | D        | Killed an Orb Guardian
 10523 | D        | Received a gift from Trog
 10527 | D        | Killed an Orb Guardian
 10538 | D        | Killed an Orb Guardian
 10547 | D        | Killed an Orb Guardian
 10553 | D        | Killed an Orb Guardian
 10553 | D        | Reached skill level 5 in Stealth
 10560 | D        | Noticed an Orb Guardian
 10561 | D        | Noticed an Orb Guardian
 10562 | D        | Noticed an Orb Guardian
 10563 | D        | Killed an Orb Guardian
 10564 | D        | Noticed an Orb Guardian
 10567 | D        | Killed an Orb Guardian
 10571 | D        | Killed an Orb Guardian
 10571 | D        | Received a gift from Trog
 10578 | D        | Killed an Orb Guardian
 10617 | D        | Noticed a curse toe
 10617 | D        | Noticed an Orb Guardian
 10617 | D        | Noticed an Orb Guardian
 11697 | D        | Killed an Orb Guardian
 11697 | D        | Reached skill level 5 in Throwing
 11739 | D        | Killed an Orb Guardian
 11739 | D        | Received a gift from Trog
 11761 | D        | Killed a curse toe
 11763 | D        | Noticed an Orb Guardian
 11768 | D        | Reached skill level 10 in Throwing
 11772 | D        | Noticed an Orb Guardian
 11776 | D        | Killed an Orb Guardian
 11784 | D        | Killed an Orb Guardian
 11882 | D        | Noticed an ancient lich
 11890 | D        | Killed an ancient lich
 11893 | D        | Noticed an orb of fire
 11907 | D        | Killed an orb of fire
 11907 | D        | Reached skill level 15 in Throwing
 11907 | D        | Reached XP level 19. HP: 194/206 MP: 32/35
 11910 | D        | Noticed an electric golem
 11926 | D        | Killed an electric golem
 11973 | D        | Noticed an electric golem
 11973 | D        | Noticed an orb of fire
 11981 | D        | Noticed an orb of fire
 11991 | D        | Killed an orb of fire
 11997 | D        | Noticed an electric golem
 12015 | D        | Killed an orb of fire
 12017 | D        | Killed an electric golem
 12022 | D        | Received a gift from Trog
 12027 | D        | Noticed an orb of fire
 12053 | D        | Killed an orb of fire
 12053 | D        | Reached skill level 10 in Stealth
 12053 | D        | Reached skill level 27 in Evocations
 12083 | D        | Received a gift from Trog
 12087 | D        | Received a gift from Trog
 12090 | D        | Killed an electric golem
 12190 | D        | Received a gift from Trog
 12207 | D        | Reached skill level 15 in Long Blades
 12211 | D        | Received a gift from Trog
 12231 | D        | Received a gift from Trog
 12237 | D        | Received a gift from Trog
 12282 | D        | Received a gift from Trog
 12373 | D        | Noticed a lich
 12382 | D        | Noticed an ancient lich
 12388 | D        | Received a gift from Trog
 12391 | D        | Killed a lich
 12391 | D        | Reached skill level 27 in Throwing
 12404 | D        | Noticed a lich
 12405 | D        | Paralysed by something for 3 turns
 12414 | D        | Killed an ancient lich
 12414 | D        | Reached XP level 20. HP: 174/215 MP: 30/36
 12417 | D        | Received a gift from Trog
 12425 | D        | Reached skill level 15 in Stealth
 12518 | D        | Received a gift from Trog
 12573 | D        | Received a gift from Trog
 12589 | D        | Received a gift from Trog
 12613 | D        | Received a gift from Trog
 12639 | D        | Received a gift from Trog
 12666 | D        | Got an elven rune of Zot
 12836 | D        | Received a gift from Trog
 12868 | D        | Paralysed by a giant eyeball for 4 turns
 12870 | D        | Received a gift from Trog
 12879 | D        | Noticed the Royal Jelly
 12892 | D        | Killed the Royal Jelly
 12919 | D        | Received a gift from Trog
 12925 | D        | Reached skill level 27 in Long Blades
 12939 | D        | Got a slimy rune of Zot
 13073 | D        | Received a gift from Trog
 13074 | D        | Received a gift from Trog
 13074 | D        | Received a gift from Trog
 13075 | D        | Received a gift from Trog
 13078 | D        | Received a gift from Trog
 13082 | D        | Received a gift from Trog
 13086 | D        | Received a gift from Trog
 13092 | D        | Received a gift from Trog
 13490 | D        | Noticed a greater mummy
 13490 | D        | Noticed a greater mummy
 13490 | D        | Noticed a greater mummy
 13495 | D        | Killed a greater mummy
 13495 | D        | Received a gift from Trog
 13495 | D        | Reached XP level 21. HP: 130/215 MP: 22/37
 13495 | D        | Killed a greater mummy
 13496 | D        | Killed a greater mummy
 13496 | D        | Reached skill level 27 in Stealth
 13504 | D        | Noticed a greater mummy
 13505 | D        | Reached skill level 1 in Unarmed Combat
 13505 | D        | Reached skill level 1 in Spellcasting
 13508 | D        | Killed a greater mummy
 13540 | D        | Got a golden rune of Zot
 13849 | D        | Reached skill level 5 in Spellcasting
 13854 | D        | Received a gift from Trog
 13870 | D        | Got an abyssal rune of Zot
 13998 | D        | Noticed Geryon
 14011 | D        | Killed Geryon
 14011 | D        | Reached skill level 10 in Unarmed Combat
 14014 | D        | Noticed Mnoleg
 14014 | D        | Noticed Dispater
 14015 | D        | Noticed Gloorx Vloq
 14041 | D        | Gained mutation: You tend to lose your temper in combat. [Mnoleg's mutagenic touch]
 14567 | D        | Killed Mnoleg
 14775 | D        | Killed Dispater
 14775 | D        | Reached skill level 10 in Spellcasting
 14940 | D        | Killed Gloorx Vloq
 15391 | D        | Noticed Lom Lobon
 15436 | D        | Killed Lom Lobon
 15633 | D        | Got an iron rune of Zot
 15637 | D        | Got a glowing rune of Zot
 15639 | D        | Noticed Cerebov
 15717 | D        | Noticed Asmodeus
 15765 | D        | Killed Cerebov
 15765 | D        | Received a gift from Trog
 15908 | D        | Killed Asmodeus
 16252 | D        | Noticed Ereshkigal
 16278 | D        | Killed Ereshkigal
 16278 | D        | Reached skill level 27 in Unarmed Combat
 16346 | D        | Got a dark rune of Zot
 16352 | D        | Got a magical rune of Zot
 16357 | D        | Got a fiery rune of Zot
 16359 | D        | Noticed Antaeus
 16380 | D        | Killed Antaeus
 16380 | D        | Reached XP level 22. HP: 81/214 MP: 15/38
 16383 | D        | Got an obsidian rune of Zot
 16387 | D        | Got a bone rune of Zot
 16393 | D        | Got an icy rune of Zot
 16807 | D        | Got the Orb of Zot
 16808 | D        | Lost mutation: You tend to lose your temper in combat. [potion of cure mutation]
 16946 | D        | Received a gift from Trog
 17100 | D        | Received a gift from Trog
 17142 | D        | Received a gift from Trog
 17263 | D        | Received a gift from Trog
 17325 | D        | Noticed Zyemami the pandemonium lord
 17332 | D        | Killed Zyemami the pandemonium lord
 17332 | D        | Received a gift from Trog
 17337 | D        | Received a gift from Trog
 17567 | D        | Received a gift from Trog
 17794 | D        | Received a gift from Trog
 17839 | D        | Noticed Veuw the pandemonium lord
 17841 | D        | Killed Veuw the pandemonium lord
 17857 | D        | Received a gift from Trog
 17997 | D        | Received a gift from Trog
 18168 | D        | Received a gift from Trog
 18381 | D        | Received a gift from Trog
 18434 | D        | Noticed Niog the pandemonium lord
 18445 | D        | Reached skill level 15 in Spellcasting
 18448 | D        | Received a gift from Trog
 18450 | D        | Killed Niog the pandemonium lord
 18450 | D        | Received a gift from Trog
 18502 | D        | Received a gift from Trog
 18505 | D        | Gained mutation: Your magical capacity is low (-10% MP). [a neqoxec]
 18534 | D        | Received a gift from Trog
 18597 | D        | Noticed Tounlu the pandemonium lord
 18614 | D        | Killed Tounlu the pandemonium lord
 18614 | D        | Reached XP level 23. HP: 194/221 MP: 34/39
 18679 | D        | Received a gift from Trog
 18708 | D        | Noticed Diabupp the pandemonium lord
 18722 | D        | Killed Diabupp the pandemonium lord
 18722 | D        | Received a gift from Trog
 18761 | D        | Received a gift from Trog
 18829 | D        | Escaped with the Orb!

Vault maps used:
D:        linesprint

Action                   |  1- 3 |  4- 6 |  7- 9 | 10-12 | 13-15 | 16-18 | 19-21 | 22-24 || total
-------------------------+-------+-------+-------+-------+-------+-------+-------+-------++-------
Melee: War axe           |    20 |       |       |       |       |       |       |       ||    20
       Broad axe         |       |    10 |    31 |   213 |   402 |   656 |   560 |   209 ||  2081
       Scimitar          |       |       |       |       |       |     5 |     8 |       ||    13
       Long sword        |       |       |       |       |       |       |    10 |       ||    10
Throw: Javelin           |       |       |       |       |       |       |   129 |   131 ||   260
       Tomahawk          |       |       |       |       |       |       |       |    15 ||    15
Invok: Berserk           |       |       |     2 |     3 |     4 |     6 |     4 |       ||    19
       Brothers in Arms  |       |       |     3 |     2 |    19 |     6 |     6 |       ||    36
       Trog's Hand       |       |       |       |       |       |       |     2 |       ||     2
Evoke: Wand              |       |     5 |     2 |     8 |    11 |       |     2 |     1 ||    29
  Use: Potion            |     1 |       |     1 |    15 |     6 |       |     2 |     1 ||    26
       Scroll            |       |       |       |     7 |     4 |    11 |     2 |       ||    24
 Stab: Invisible         |       |       |       |     1 |       |       |       |       ||     1
       Distracted        |       |       |       |       |       |       |     2 |       ||     2
       Sleeping          |       |       |       |       |       |       |     1 |       ||     1
  Eat: Chunk             |       |       |     2 |     4 |     1 |     2 |     2 |       ||    11
       Fruit             |       |       |       |     5 |    25 |    10 |       |       ||    40
       Bread ration      |       |       |       |     1 |       |     3 |     4 |     2 ||    10
       Meat ration       |       |       |       |       |       |     1 |       |       ||     1
